 Dungeon Crawl Stone Soup version 0.24-a0-434-gd57e52fea8 (webtiles) character file.

Game seed: 6678517757225616160

44 Amnesiac the Digger (level 3, -3/24 HPs)
             Began as a Mummy Earth Elementalist on June 16, 2019.
             Slain by an ogre
             ... wielding a +0 giant club
              (17 damage)
             ... on level 4 of the Dungeon.
             The game lasted 00:04:01 (1253 turns).

Amnesiac the Digger (Mummy Earth Elementalist)      Turns: 1253, Time: 00:04:02

Health: -3/24      AC:  2    Str: 11    XL:     3   Next: 41%
Magic:  7/7        EV: 12    Int: 15    God:
Gold:   73         SH:  0    Dex: 12    Spells: 5/8 levels left

rFire    x . .     SeeInvis .   f - +0 trident (curse)
rCold    + . .     Gourm    .   (no shield)
rNeg     + + +     Faith    .   c - +0 robe
rPois    ∞         Spirit   .   (no helmet)
rElec    .         Reflect  .   (no cloak)
rCorr    .         Harm     .   (no gloves)
MR       .....                  (no boots)
Stlth    +++.......             (no amulet)
HPRegen  0.08/turn              a - ring of stealth
MPRegen  0.10/turn              (no ring)

@: no status effects
A: no food or potions, fire vulnerability, cold resistance 1, negative energy
resistance 3, torment resistance, unbreathing
a: no special abilities


You were on level 4 of the Dungeon.
You were not hungry.

You visited 1 branch of the dungeon, and saw 4 of its levels.

You collected 73 gold pieces.

Inventory:

Hand Weapons
 f - a cursed +0 trident (weapon)
Missiles
 b - 67 stones (quivered)
Armour
 c - a +0 robe (worn)
 d - a +2 ring mail of cold resistance
Jewellery
 a - a ring of stealth (left hand)
Scrolls
 e - 2 scrolls of identify {!r}
 g - a scroll of remove curse {!r}


   Skills:
 - Level 1.5 Dodging
 - Level 1.5 Stealth
 + Level 3.3 Spellcasting
 - Level 0.7 Transmutations
 * Level 3.4 Earth Magic


You had 5 spell levels left.
You knew the following spells:

 Your Spells              Type           Power        Failure   Level  Hunger
a - Sandblast             Erth           ##....       4%          1    N/A
b - Passwall              Tmut/Erth      #.......     12%         2    N/A

Your spell library contained the following spells:

 Spells                   Type           Power        Failure   Level  Hunger
 Stone Arrow              Conj/Erth      #.....       28%         3    N/A
 Petrify                  Tmut/Erth      #.......     63%         4    N/A
 Lee's Rapid Deconstruct  Erth           ##........   78%         5    N/A

Dungeon Overview and Level Annotations

Branches:
Dungeon (4/15)
 Temple: D:4-7

Altars:
Elyvilon

Annotations:
D:3 1 runed translucent door


Innate Abilities, Weirdness & Mutations

You do not eat or drink.
Your flesh is vulnerable to fire.
You are immune to poison.
Your flesh is cold resistant. (rC+)
You are immune to negative energy. (rN+++)
You are immune to unholy pain and torment.
You can survive without breathing.


Message History

A goblin comes into view. It is wielding a +0 club.
A goblin is nearby!
The goblin shouts!
You hit the goblin.
The goblin is almost dead.
The goblin barely misses you.
You hit the goblin.
You kill the goblin!
No target in view!
No target in view!
No target in view!
No target in view!
No target in view!
No target in view!
No target in view!
No target in view!
No target in view!
No target in view!
You now have 73 gold pieces (gained 10).
A kobold comes into view. It is wielding a +0 whip.
A kobold is nearby!
The kobold shouts!
The kobold throws a poisoned dart.
The poisoned dart barely misses you.
Attack whom?
Press: ? - help, Dir - move target cursor, f - kobold
Aim: a kobold, wielding a +0 whip You reach to attack!
You hit the kobold.
You kill the kobold!
No target in view!
No target in view!
No target in view!
No target in view!
No target in view!
No target in view!
No target in view!
No target in view!
No target in view!
No target in view!
No target in view!
No target in view!
Things that are here:
a +0 whip; 5 poisoned darts; a kobold corpse
e - 2 scrolls of identify {!r} (gained 1)
A leopard gecko comes into view.
Found a chain mail.
A leopard gecko is nearby!
The helpless leopard gecko fails to defend itself.
You puncture the leopard gecko!
You kill the leopard gecko!
No target in view!
You see here an adder skeleton.
Found a dagger.
You see here an adder skeleton.
There is a stone staircase leading down here.
You see here a quokka skeleton.
Found a runed ring mail.
You see here a runed ring mail.
Found a stone staircase leading down.
You see here a runed ring mail.
d - a runed ring mail
There is a stone staircase leading down here.
You climb downwards.
The ogre hits you with a +0 giant club! x2
Ouch! That really hurt!
You die...

.....⌠..... .
._.......## ⌠.
...⌠..... ...
......h#
#.#.#.#.#..#
....?......#
#..<......#.###
#..O.......
#.#@###..#
#.### #. .. ..
... ...


You could see an ogre and a hound (wandering).

Vanquished Creatures
  An adder (D:3)
  An ooze (D:3)
  An adder skeleton (D:4)
  A worm (D:3)
  A dart slug (D:2)
  A leopard gecko (D:3)
  2 giant cockroaches (D:1)
  4 hobgoblins
  A quokka (D:3)
  A bat (D:1)
  4 frilled lizards
  2 goblins
  3 kobolds
  A rat (D:1)
24 creatures vanquished.

Notes
Turn   | Place    | Note
-------+----------+-------------------------------------------
     0 | D:1      | Amnesiac the Mummy Earth Elementalist began the quest for
                  | the Orb.
     0 | D:1      | Reached XP level 1. HP: 13/13 MP: 4/4
   395 | D:1      | Reached XP level 2. HP: 17/19 MP: 1/5
   427 | D:1      | Learned a level 2 spell: Passwall
   775 | D:4      | Found a white marble altar of Elyvilon.
   776 | D:4      | Noticed an ogre
   833 | D:3      | Reached XP level 3. HP: 20/24 MP: 3/7
   985 | D:3      | Noticed an angel
   986 | D:3      | Found a white marble altar of Elyvilon.
   987 | D:3      | Found a runed translucent door.
  1253 | D:4      | Slain by an ogre

Levels and vault maps discovered:
D:1:      dpeg_arrival_more_subterranean_lakeside_camping, layout_basic
D:2:      layout_basic, chequers_ecumenical_altar_lobes
D:3:      layout_loops_ring, lemuel_angel_altar
D:4:      layout_basic, elyvilon_altar_5, lemuel_crystal_altar,
          chequers_temple_overflow_statue_of_worship, uniq_eustachio,
          uniq_duvessa

Skill      XL: |  1  2 |
---------------+-------+-----
Earth Magic    | 3 |  3.4
Spellcasting   | 3 |  3.3
Dodging        | |  1.5
Stealth        | |  1.5
Transmutations | |  0.7

Action                   || total
-------------------------++-------
Melee: Unarmed           ||    49
       Trident           ||    16
 Cast: Sandblast         ||    20
  Use: Scroll            ||     4
 Stab: Sleeping          ||     2
Armor: Robe              ||    12
Dodge: Dodged            ||    46

Table legend:
 A = Non-vault XP
 B = Vault XP
 C = Vault XP percentage of total XP
 D = Non-vault monster count
 E = Vault monster count
 F = Vault count percentage of total count
                 A         B        C        D         E       F
            +---------+---------+-------+---------+---------+-------
      Total |      64 |       0 |   0.0 |      24 |       0 |   0.0
            +---------+---------+-------+---------+---------+-------
        D:1 |      14 |       0 |   0.0 |       9 |       0 |   0.0
        D:2 |       5 |       0 |   0.0 |       2 |       0 |   0.0
        D:3 |      40 |       0 |   0.0 |      12 |       0 |   0.0
        D:4 |       5 |       0 |   0.0 |       1 |       0 |   0.0
            +---------+---------+-------+---------+---------+-------
